 Dungeon Crawl Stone Soup version 0.31.0-32-g396128a36d (console) character file.

Game seed: 5682517299999267274

12 AlterAsc the Shield-Bearer (level 2, -9/24 HPs)
             Began as a Formicid Fighter on Mar 23, 2024.
             Mangled by a kobold
             ... wielding a +2 short sword of electrocution
              (13 damage)
             ... on level 1 of the Dungeon.
             The game lasted 00:01:00 (206 turns).

AlterAsc the Shield-Bearer (Formicid Fighter)        Turns: 206, Time: 00:01:00

Health: -9/24      AC:  6    Str: 20    XL:     2   Next: 45%
Magic:  2/2        EV:  9    Int:  7    God:
Gold:   40         SH:  5    Dex: 13    Spells: 1/1 levels left

rFire   . . .        a - +0 war axe
rCold   . . .        c - +0 buckler
rNeg    . . .        b - +0 scale mail
rPois   .            (helmet unavailable)
rElec   .            (no cloak)
rCorr   .            (no gloves)
SInv    +            (no boots)
Will    .....        (no amulet) Stlth
                     (no ring)
HPRegen 0.24/turn    (no ring)
MPRegen 0.08/turn

%: no passive effects
@: no status effects
A: permanent stasis, dig shafts and tunnels, antennae 3, four strong arms
a: Dig, Shaft Self


You were on level 1 of the Dungeon.
You visited 1 branch of the dungeon, and saw 1 of its levels.

You collected 40 gold pieces.

Inventory:

Hand Weapons
 a - a +0 war axe (weapon)
Armour
 b - a +0 scale mail (worn)
 c - a +0 buckler (worn)
Jewellery
 f - a ring of wizardry
Scrolls
 e - 3 scrolls of vulnerability {unknown}
 g - a scroll of enchant weapon {unknown}
 h - 2 scrolls of teleportation {unknown}
Potions
 d - a potion of might


   Skills:
 + Level 3.4 Fighting
 + Level 2.2 Axes
 + Level 3.5 Armour
 + Level 4.3 Shields


You had one spell level left.
You didn't know any spells.
Your spell library was empty.

Dungeon Overview and Level Annotations

Branches:
Dungeon (1/15)

Altars:


Innate Abilities, Weirdness & Mutations

You cannot be hasted, slowed, berserked, paralysed or teleported.
You can dig through walls and to a lower floor.
You have a pair of large antennae on your head. (SInv)
Your four strong arms can wield two-handed weapons with a shield.


Message History

Found a scroll labelled QAGUNE SITUITT.
The frilled lizard bites you but does no damage.
The quokka barely misses you.
You barely miss the quokka. You miss the frilled lizard.
The quokka bites you but does no damage.
The frilled lizard closely misses you. The quokka closely misses you.
The frilled lizard barely misses you.
You slash the quokka!
You kill the quokka!
You closely miss the frilled lizard.
The frilled lizard bites you but does no damage.
You slash the frilled lizard!
You kill the frilled lizard!
No target in view!
You see here a frilled lizard corpse.
You see here a +0 leather armour.
You see here a flux talisman.
You see here a +0 leather armour.
Found 2 scrolls labelled LALOVOGG TALEL.
g - a scroll labelled QAGUNE SITUITT An endoplasm comes into view.
The endoplasm quivers.
The endoplasm barely misses you.
You hit the endoplasm.
You kill the endoplasm!
h - 2 scrolls labelled LALOVOGG TALEL You sense a monster nearby.
Found a stone staircase leading down.
A kobold comes into view.
It is wielding a +2 short sword of electrocution.
The kobold shouts!
You barely miss the kobold. The kobold barely misses you.
You closely miss the kobold. The kobold closely misses you.
You block the kobold's attack.
You closely miss the kobold. The kobold barely misses you.
You barely miss the kobold. The kobold barely misses you.
You barely miss the kobold. The kobold hits you but does no damage.
You are electrocuted!
Ouch! That really hurt!
The kobold hits you with a +2 short sword of electrocution.
* * * LOW HITPOINT WARNING * * *
You are electrocuted!
Ouch! That really hurt!
You die...

#######
#......#
#......#
#......#
#......#
#......+
#......#######.
#......@K..>...
#.......#....#.
#####.#.# .#.#
#.#.# .. #.#.#
.. { #.#.# ..
#.#.# . #.#.#
#.#.# #.#.#
##########
#.#.#
#........#


You could see a kobold.

Vanquished Creatures
  A dart slug (D:1)
  2 ball pythons (D:1)
  2 endoplasms (D:1)
  A hobgoblin (D:1)
  A quokka (D:1)
  A bat (D:1)
  A frilled lizard (D:1)
  A goblin (D:1)
10 creatures vanquished.

Notes
Turn   | Place    | Note
-------+----------+-------------------------------------------
     0 | D:1      | AlterAsc the Formicid Fighter began the quest for the Orb.
     0 | D:1      | Reached XP level 1. HP: 18/18 MP: 1/1
   134 | D:1      | Reached XP level 2. HP: 23/24 MP: 2/2
   206 | D:1      | Mangled by a kobold

Illustrated notes

Levels and vault maps discovered:
D:1:      minmay_arrival_five_plusses, layout_basic

Action                     || total
---------------------------++-------
  Melee: War axe           ||    27
 Armour: Scale mail        ||    16
  Dodge: Dodged            ||    20
  Block: Buckler           ||     2
